 Dungeon Crawl Stone Soup version 0.29.1-1-gd02db6906a (console) character file.

Game seed: 12818801407843362246

259555 PanSaczeczos the Warrior (level 20, -2/181 HPs)
             Began as a Djinni Conjurer on Oct 15, 2022.
             Was a High Priest of Ashenzari.
             Shot with a bolt by a yaktaur captain (28 damage)
             ... on level 1 of the Vaults on Oct 16, 2022.
             The game lasted 03:55:06 (63101 turns).

PanSaczeczos the Warrior (Djinni Conjurer)         Turns: 63101, Time: 03:55:07

Health: -2/181     AC:  9    Str:  6    XL:     20   Next: 71%
Gold:   2057       EV: 15    Int: 34    God:    Ashenzari [*****.] SH: 13 Dex: 13

rFire   + . .      SeeInvis +   z - staff of cold (curse) {Self, Fort}
rCold   + . .      Faith    .   U - +0 buckler of Ashenzari's Sorrow {Range, Self} (curse)
rNeg    . . .      Spirit   .   k - +2 robe "Share My Secrets" {Will+, Range, Self} (curse)
rPois   ∞          Reflect  +   y - +2 hat "Eternal Together" {Will+, Melee, Self} (curse)
rElec   .          Harm     .   t - +0 cloak "Gaze Upon Infinity" {Range, Self} (curse)
rCorr   .          Rampage  .   a - +0 pair of gloves "Cursed With Me" {Self, Cun} (curse)
Will    ++++.      Clarity  +   (boots unavailable)
Stlth   ++++......              B - amulet of Ashenzari's Adversity {Reflect SH+5, Fort, Self} (curse)
HPRegen 0.40/turn               S - +6 ring of intelligence
MPRegen 0.00/turn               P - ring "Circumscribed With Me" {Ice, Melee, Self} (curse)

@: flying
A: sickness immunity, fire resistance 2, cold vulnerability 1, float, innate
caster, HP casting, extra vitality 1
}: 2/15 runes: decaying, serpentine
a: Renounce Religion, Curse Item, Shatter the Chains


You were on level 1 of the Vaults.
You worshipped Ashenzari.
Ashenzari was extremely pleased with you.
You visited 7 branches of the dungeon, and saw 32 of its levels.
You also visited: Ice Cave.

You collected 4970 gold pieces.
You spent 2913 gold pieces at shops.

Inventory:

Missiles
 l - 30 poisoned darts
 G - 6 throwing nets {!f}
 T - 7 curare-tipped darts (quivered)
Armour
 a - the cursed +0 pair of gloves "Cursed With Me" (worn) {Self, Cun}
   (You found it on level 5 of the Lair of Beasts)

   It has a curse which improves the following skills: Introspection: Fighting
   and Spellcasting.
   Cunning:   Dodging and Stealth.
 k - the cursed +2 robe "Share My Secrets" (worn) {Will+, Range, Self}
   (You found it on level 1 of the Dungeon)

   It has a curse which improves the following skills: Ranged Combat: Ranged
   Weapons and Throwing.
   Introspection: Fighting and Spellcasting.
 t - the cursed +0 cloak "Gaze Upon Infinity" (worn) {Range, Self}
   (You found it on level 4 of the Dungeon)

   It has a curse which improves the following skills: Ranged Combat: Ranged
   Weapons and Throwing.
   Introspection: Fighting and Spellcasting.
 w - a +2 pair of gloves
 y - the cursed +2 hat "Eternal Together" (worn) {Will+, Melee, Self}
   (You took it off Gastronok on level 1 of the Orcish Mines)

   It has a curse which improves the following skills: Melee Combat: Short
   Blades, Long Blades, Axes, Maces & Flails, Polearms, Staves and Unarmed
   Combat.
   Introspection: Fighting and Spellcasting.
 A - a +1 robe of cold resistance
 C - a +1 pair of gloves
 I - a +0 kite shield
 U - the cursed +0 buckler of Ashenzari's Sorrow (worn) {Range, Self}
   (You took it off a gnoll sergeant on level 9 of the Dungeon)

   It has a curse which improves the following skills: Ranged Combat: Ranged
   Weapons and Throwing.
   Introspection: Fighting and Spellcasting.
 W - the +4 moon troll leather armour {Spirit, Regen++ MP+5}
   (You bought it in a shop on level 14 of the Dungeon)

   MP:        It affects your magic capacity (+5).
   Regen:     It increases your rate of health regeneration.
Magical Staves
 z - a cursed staff of cold (weapon) {Self, Fort}
Jewellery
 B - the cursed amulet of Ashenzari's Adversity (around neck) {Reflect SH+5, Fort, Self}
   (You bought it in a shop on level 14 of the Dungeon)

   [amulet of reflection]

   It reflects blocked missile attacks.
   SH:        It affects your SH (+5).
   It has a curse which improves the following skills: Fortitude: Armour and
   Shields.
   Introspection: Fighting and Spellcasting.
 P - the cursed ring "Circumscribed With Me" (right hand) {Ice, Melee, Self}
   (You found it on level 8 of the Dungeon)

   [ring of ice]

   It enhances your ice magic.
   rF:        It makes you vulnerable to fire.
   rC:        It protects you from cold.
   It has a curse which improves the following skills: Melee Combat: Short
   Blades, Long Blades, Axes, Maces & Flails, Polearms, Staves and Unarmed
   Combat.
   Introspection: Fighting and Spellcasting.
 S - a +6 ring of intelligence (left hand)
Wands
 q - a wand of digging (5)
 x - a wand of polymorph (22)
 D - a wand of flame (32)
 F - a wand of iceblast (27)
 O - a wand of light (29)
 Q - a wand of mindburst (19)
 R - a wand of charming (15)
Scrolls
 c - a scroll of acquirement {!r}
 d - 13 scrolls of teleportation {!r}
 f - 6 scrolls of vulnerability {!r}
 h - 8 scrolls of butterflies {!r}
 i - 6 scrolls of enchant armour {!r}
 j - 6 scrolls of blinking {!r}
 m - 4 scrolls of enchant weapon {!r}
 n - 5 scrolls of magic mapping {!r}
 o - 3 scrolls of torment {!r}
 p - 4 scrolls of summoning {!r}
 E - 3 scrolls of silence {!r}
 H - 7 scrolls of fear {!r}
 L - 4 scrolls of poison {!r}
 Y - 7 scrolls of immolation {!r}
Potions
 e - 17 potions of heal wounds
 r - 5 potions of ambrosia
 s - 13 potions of curing
 u - 5 potions of haste
 v - 4 potions of berserk rage
 J - 2 potions of brilliance
 K - 6 potions of mutation
 M - 2 potions of cancellation
 N - 3 potions of attraction
 V - 7 potions of might {@q3}
 X - 5 potions of invisibility
 Z - 3 potions of lignification
Miscellaneous
 b - a tin of tremorstones (2/2)
 g - a lightning rod (4/4)


   Skills:
 + Level 20.2(27) Fighting
 - Level 4.7(8.0) Armour
 - Level 5.7(8.0) Dodging
 - Level 5.7(8.0) Stealth
 - Level 11.5(15.0) Shields
 + Level 16.3(25.1) Spellcasting
 * Level 15.8 Evocations


You had 15 spell levels left.
You knew the following spells:

 Your Spells              Type           Power      Damage    Failure   Level
a - Magic Dart            Conj           100%       1d8       0%          1
b - Searing Ray           Conj           100%       2d8       0%          2
c - Iskenderun's Mystic   Conj/Tloc      100%       2d19      0%          4
d - Fulminant Prism       Conj/Hex       59%        3d25      0%          4
e - Dazzling Flash        Conj/Hex       100%       N/A       0%          3
f - Necrotise             Necr           100%       1d9       0%          1
g - Ensorcelled Hibernat  Hex/Ice        100%       N/A       0%          2
h - Confusing Touch       Hex            100%       N/A       0%          3
i - Corpse Rot            Necr/Pois/Air  100%       N/A       0%          4
j - Metabolic Englaciati  Hex/Ice        85%        N/A       0%          5
k - Irradiate             Conj/Tmut      59%        3d31      0%          5
l - Eringya's Noxious Bo  Tmut/Pois      59%        N/A       0%          6
m - Storm Form            Tmut/Air       59%        N/A       1%          7
n - Ozocubu's Refrigerat  Ice            85%        4d26      1%          7
Your spell library was empty.

Dungeon Overview and Level Annotations

Branches:
Dungeon (15/15) Zot: 23608  Temple (1/1) D:6 Zot: 5753    Lair (5/5) D:9 Zot: 17154
  Swamp (4/4) Lair:3 Zot: 14804   Snake (4/4) Lair:2 Zot: 15794   Slime (0/5) Lair:5
    Orc (2/2) D:11 Zot: 9517     Elf (0/3) Orc:2        Vaults (1/5) D:13 Zot: 4519
 Depths (0/4) D:15          IceCv (visited)

Altars:
Ashenzari
Cheibriados
Dithmenos
Elyvilon
Fedhas
Gozag
Hepliaklqana
Makhleb
Nemelex Xobeh
Okawaru
Qazlal
Ru
Trog
Uskayaw
Wu Jian
Xom
Yredelemnul
Zin
The Shining One
Jiyva

Shops:
D:6 ?(*   D:14 [=*?   Orc:2 *?[[   Snake:3 [   Snake:4 ?

Annotations:
D:4 Grinder
D:5 Sigmund
D:11 2 transporters, Persimmon's ghost, novice DEHu
D:14 Roxanne
Lair:1 1 runed translucent door
Lair:2 3 runed translucent doors, exclusion: 3 doors, brob1's ghost, journeyman MiBe


Innate Abilities, Weirdness & Mutations

You are immune to sickness and miasma.
You are immune to poison.
Your flesh is very heat resistant. (rF++)
You are vulnerable to cold. (rC-)
You float through the air rather than walking.
You learn spells naturally, not from books.
Your magical power is your life essence.
You have superior vitality. (+4 MHP)


Message History

You feel a strong surge of power!
The heat is drained from your surroundings.
The yaktaur captain is lightly wounded.
The yaktaur is almost dead.
You hear a shout!
The yaktaur wields a +0 arbalest.
The yaktaur shoots a bolt.
You reflect the bolt off an invisible shield around you!
The bolt hits the yaktaur!!
You kill the yaktaur!
The yaktaur captain shoots a bolt.
The bolt hits you!!
* * * LOW HITPOINT WARNING * * *
Casting: Ozocubu's Refrigeration (safe; 1% risk of failure)
Confirm with . or Enter, or press ? or * to list all spells.
You feel a strong surge of power!
The heat is drained from your surroundings.
The yaktaur captain is heavily wounded.
* * * LOW HITPOINT WARNING * * *
The yaktaur captain shoots a bolt.
The bolt hits you!!!
* * * LOW HITPOINT WARNING * * *
Casting: Ozocubu's Refrigeration (safe; 1% risk of failure)
Confirm with . or Enter, or press ? or * to list all spells.
You feel a strong surge of power!
The heat is drained from your surroundings.
The yaktaur captain is severely wounded.
The yaktaur is moderately wounded.
* * * LOW HITPOINT WARNING * * *
The yaktaur wields a +4 arbalest.
The yaktaur shoots a bolt.
The bolt hits you!
* * * LOW HITPOINT WARNING * * *
The yaktaur captain shoots a bolt.
The bolt hits you!!
* * * LOW HITPOINT WARNING * * *
Casting: Ozocubu's Refrigeration (safe; 1% risk of failure)
Confirm with . or Enter, or press ? or * to list all spells.
You feel a strong surge of power!
The heat is drained from your surroundings.
The yaktaur captain is severely wounded.
The yaktaur is almost dead.
* * * LOW HITPOINT WARNING * * *
A yaktaur comes into view.
The yaktaur captain shoots a bolt.
The bolt hits you!!
You die...

▒··▒······▒·······▒······'···▒·c·
{ ░ ,
▒··'······▒·······▒······▒!··▒··
░,, , ,,,
▒··▒······▒····)))▒······▒···▒▒ ░
,, ,,
▒··▒······▒·······▒······▒···▒,,{
{ , , ,
▒··▒······▒·······▒······▒···▒,{
+ { , ,
▒··▒······▒·······▒······▒···▒, {
, , ,
▒··▒▒▒▒▒'▒▒▒▒▒▒···▒▒'▒▒▒▒▒···▒░
░░ ░ ,░ ░░
▒····▒▒▒····▒▒▒▒▒············▒,
,░ , , ░
▒···▒▒······▒▒▒▒▒▒·········· ,{
░,,░
▒···▒····▒▒▒▒▒▒▒▒▒··········, , ,
░ ▒··▒▒····▒▒▒▒ ▒▒▒▒▒·········, ░
░ ░ ░ ░ ▒··▒······▒▒▒
▒▒▒▒·········, , ,,,, ,, ,░
▒^·▒··▒▒·@·▒▒ ▒▒▒▒········· , , ,
, ▒··▒··▒▒▒···▒░ ░·c▒········· ,,
, ,,░, ▒··▒··▒▒▒▒···▒ ··▒········
,,, ,,, ,░ ░
▒··▒▒▒▒▒▒▒▒···▒░,{▒········, , ,,
, ▒··▒▒▒▒ ▒···c ,▒········ , , ,
,, , ▒··▒▒▒▒▒ ▒·)cc ▒▒▒▒▒+▒+▒ ░ ,
, , , ▒···▒▒▒▒▒ ░ ░···· , ,, ,,░,
, , , ▒···▒▒▒▒▒ , ··▒░ ,,, ░ ,,
▒····▒▒▒▒░ , ,▒▒▒▒ ,░░, ,░ ,, , ,
▒······▒▒░░+▒+▒··▒· ░ ,░░ ░░ ░
▒······▒·,, ··▒··▒· , ░ ░ ,, +,,
▒······▒·,, ··▒··▒·, ░ ░░, , ,
▒······▒· ··▒··▒·, ░ ,░ , ,,,, ,,


You could see a yaktaur captain and 2 yaktaurs.

Vanquished Creatures
  Nikola (Swamp:1)
  Mlioglotl (Swamp:1)
  Gastronok (Orc:1)
  A thorn hunter (Swamp:4)
  Frances (D:12)
  Kirke (Swamp:1)
  6 nagarajas
  3 ghouls (Swamp:3)
  A juggernaut skeleton (D:15)
  An ironbound preserver (Vaults:1)
  An ironbound thunderhulk (Vaults:1)
  4 eleionomae
  6 bunyips
  2 dire elephants (Snake:1)
  Snorg (Orc:2)
  2 shambling mangroves (Swamp:4)
  A fire dragon (Lair:5)
  Fannar (D:11)
  A great orb of eyes (Vaults:1)
  4 salamander tyrants
  3 yaktaur captains (Vaults:1)
  3 boulder beetles
  An ironbound frostheart (Vaults:1)
  31 hydras
  A vault guard (D:13)
  5 centaur warriors
  4 ogre magi
  5 anacondas
  2 ghost crabs
  16 two-headed ogres
  A catoblepas (D:13)
  2 death yaks
  17 naga warriors
  16 alligators
  Urug (Lair:4)
  4 shock serpents
  2 tengu warriors (D:13)
  A deep elf knight (Snake:1)
  13 naga sharpshooters
  4 goliath frogs
  7 salamander mystics
  A skeletal warrior (D:15)
  4 sea snakes (Snake:1)
  7 deep trolls
  A flayed ghost (D:15)
  3 spriggan druids
  A death drake (Swamp:2)
  A deep elf archer (Snake:1)
  13 naga ritualists
  An ironbound convoker (Vaults:1)
  11 bog bodies
  A glowing orange brain (Vaults:1)
  2 necromancers
  3 orc knights
  3 wizards
  14 swamp dragons
  2 lindwurms
  4 orc sorcerers
  14 mana vipers
  5 harpies (Vaults:1)
  13 ugly things
  4 deep elf pyromancers
  A tengu zombie (D:15)
  4 cyclopes
  A fire giant zombie (D:15)
  8 will-o-the-wisps
  22 salamanders
  3 vault sentinels (Vaults:1)
  A torpor snail (Lair:2)
  11 guardian serpents
  4 manticores
  51 black mambas
  2 ice statues (IceCv)
  9 spectral spriggans (Swamp:3)
  13 elephants
  Maurice (Orc:1)
  12 naga magi
  8 cane toads
  3 gargoyles
  2 molten gargoyles (Lair:5)
  A kobold demonologist (D:12)
  2 efreet (D:13)
  A rime drake (Lair:3)
  6 ice devils (IceCv)
  18 komodo dragons
  An unseen horror (D:13)
  7 yaktaurs (Vaults:1)
  A guardian mummy (D:15)
  2 tengu conjurers (D:13)
  4 anaconda simulacra (IceCv)
  2 freezing wraiths
  A queen bee (D:14)
  2 bloated husks (Swamp:3)
  16 trolls
  5 polar bears
  3 meliai (D:14)
  12 tyrant leeches
  3 hornets (Swamp:4)
  A raiju (Snake:1)
  16 blink frogs
  A dream sheep (Lair:2)
  23 slime creatures
  A shadow (D:10)
  A yak (shapeshifter) (D:13)
  A spriggan (Swamp:4)
  A water elemental (D:12)
  7 wyverns
  A vampire (D:13)
  30 yaks
  8 basilisks
  4 hogs (Swamp:1)
  4 steam dragons
  9 vampire mosquitoes
  Menkaure (D:4)
  A harpy simulacrum (IceCv)
  10 swamp worms
  47 nagas
  A glowing shapeshifter zombie (D:15)
  3 acid dragons
  13 water moccasins
  3 hydra simulacra (IceCv)
  Duvessa (D:6)
  4 hell hounds (Lair:5)
  3 swamp drakes
  A sky beast (D:8)
  13 orc warriors
  2 ice beasts
  5 wolves (Lair:2)
  29 ogres
  10 centaurs
  3 kobold brigands
  Blork the orc (D:5)
  13 bullfrogs
  5 gnoll sergeants
  A necrophage (D:8)
  A scorpion (D:6)
  A two-headed ogre simulacrum (D:12)
  2 cane toad simulacra (D:12)
  5 wights (D:9)
  Dowan (D:6)
  2 elephant simulacra (D:12)
  32 killer bees
  7 howler monkeys
  3 jellies
  14 electric eels
  5 lava snakes (Lair:5)
  20 orc priests
  6 gnoll boudas
  2 hounds
  Jessica (D:2)
  3 iguanas
  20 orc wizards
  5 hell rats (Lair:4)
  3 spriggan simulacra
  A troll simulacrum (D:12)
  A wolf simulacrum (IceCv)
  44 gnolls
  4 adders
  A naga simulacrum (D:12)
  2 white imps
  3 ufetubi
  2 dart slugs (D:2)
  61 orcs
  3 ball pythons
  6 endoplasms
  6 giant cockroaches
  7 hobgoblins
  8 jackals
  5 quokkas
  8 bats
  2 frilled lizards
  10 goblins
  9 kobolds
  3 rats
1127 creatures vanquished.

Vanquished Creatures (collateral kills)
  Jorgrun (D:14)
  Rupert (Orc:2)
2 creatures vanquished.

Vanquished Creatures (others)
  A swamp worm (Swamp:4)
  16 foxfires
  599 fulminant prisms
  61 fungi
  92 plants
  9 toadstools (Lair:1)
  7 withered plants (D:15)
785 creatures vanquished.

Grand Total: 1914 creatures vanquished

Notes
Turn   | Place    | Note
-------+----------+-------------------------------------------
     0 | D:1      | PanSaczeczos the Djinni Conjurer began the quest for the
                  | Orb.
     0 | D:1      | PanSaczeczos set off with the following spells memorised:
                  | Magic Dart, Searing Ray, Dazzling Flash, Fulminant Prism,
                  | Iskenderun's Mystic Blast.
     0 | D:1      | Reached XP level 1. HP: 15/15 MP: 0/0
   371 | D:1      | Reached XP level 2. HP: 21/22 MP: 0/0
   406 | D:1      | Reached skill level 1 in Fighting
   986 | D:1      | Reached XP level 3. HP: 24/27 MP: 0/0
   986 | D:1      | Learned a level 1 spell: Necrotise
  1526 | D:2      | Noticed Jessica
  1532 | D:2      | Killed Jessica
  1533 | D:2      | Reached skill level 2 in Fighting
  1533 | D:2      | Reached XP level 4. HP: 26/33 MP: 0/0
  1745 | D:2      | Reached XP level 5. HP: 33/39 MP: 0/0
  1745 | D:2      | Learned a level 2 spell: Ensorcelled Hibernation
  3049 | D:2      | Found a faded altar of an unknown god.
  3627 | D:3      | Reached skill level 3 in Fighting
  3627 | D:3      | Reached XP level 6. HP: 38/46 MP: 0/0
  4709 | D:4      | Noticed Menkaure
  4806 | D:4      | Killed Menkaure
  4807 | D:4      | Reached skill level 4 in Fighting
  4807 | D:4      | Reached XP level 7. HP: 30/52 MP: 0/0
  4807 | D:4      | Learned a level 3 spell: Confusing Touch
  5074 | D:4      | Noticed Grinder
  5492 | D:5      | Entered Level 5 of the Dungeon
  5501 | D:5      | Found an iron altar of Okawaru.
  5656 | D:5      | Identified the +0 robe "Joxkeal" {Harm rElec Str+2}
  5667 | D:5      | Noticed Sigmund
  5842 | D:5      | Found a hide-covered altar of Uskayaw.
  6085 | D:5      | Reached skill level 5 in Spellcasting
  6086 | D:5      | Reached XP level 8. HP: 34/58 MP: 0/0
  6271 | D:5      | Reached skill level 5 in Fighting
  6435 | D:5      | Found a shimmering altar of Xom.
  6446 | D:5      | Noticed Blork the orc
  6459 | D:5      | Killed Blork the orc
  7427 | D:6      | Found Hiom's Weapon Emporium.
  7475 | D:6      | Noticed Duvessa
  7531 | D:6      | Noticed Dowan
  7536 | D:6      | Killed Duvessa
  7537 | D:6      | Reached skill level 6 in Fighting
  7770 | D:6      | Killed Dowan
  7947 | D:6      | Found Koqaegoj's General Store.
  8014 | D:6      | Reached XP level 9. HP: 59/67 MP: 0/0
  8014 | D:6      | Learned a level 4 spell: Corpse Rot
  8128 | D:6      | Found a staircase to the Ecumenical Temple.
  8135 | Temple   | Entered the Ecumenical Temple
  8371 | Temple   | Became a worshipper of Ashenzari the Shackled
  8560 | D:6      | Found Rofokuce's Magic Scroll Boutique.
  8563 | D:6      | Bought a scroll of summoning for 133 gold pieces
  8563 | D:6      | Bought a scroll of teleportation for 42 gold pieces
  8563 | D:6      | Bought a scroll of blinking for 105 gold pieces
  8563 | D:6      | Bought a scroll of fear for 56 gold pieces
  8629 | D:6      | Reached skill level 1 in Evocations
  8995 | D:7      | Reached skill level 7 in Fighting
 10145 | D:7      | Found a basalt altar of Yredelemnul.
 10890 | D:8      | Reached * piety under Ashenzari
 10890 | D:8      | Identified a scroll of acquirement {!r}
 11059 | D:8      | Reached skill level 8 in Fighting
 11224 | D:8      | Reached XP level 10. HP: 60/76 MP: 0/0
 12032 | D:9      | Noticed a two-headed ogre
 12048 | D:9      | Killed a two-headed ogre
 12049 | D:9      | Reached skill level 9 in Fighting
 12122 | D:9      | Reached ** piety under Ashenzari
 13156 | D:9      | Found a staircase to the Lair.
 13279 | D:9      | Acquired 976 gold pieces
 13325 | Lair:1   | Entered Level 1 of the Lair of Beasts
 13341 | Lair:1   | Reached skill level 1 in Shields
 13447 | Lair:1   | Noticed an eight-headed hydra
 13454 | Lair:1   | Reached skill level 10 in Fighting
 13703 | Lair:1   | Killed an eight-headed hydra
 13704 | Lair:1   | Reached XP level 11. HP: 45/87 MP: 0/0
 13704 | Lair:1   | Learned a level 5 spell: Metabolic Englaciation
 14161 | Lair:1   | Noticed a six-headed hydra
 14254 | Lair:1   | Killed a six-headed hydra
 14255 | Lair:1   | Reached skill level 11 in Fighting
 14255 | Lair:1   | Noticed a boulder beetle
 14445 | Lair:1   | Killed a boulder beetle
 15005 | Lair:1   | Noticed a five-headed hydra
 15023 | Lair:1   | Killed a five-headed hydra
 15220 | Lair:1   | Noticed an elephant
 15222 | Lair:1   | Noticed an elephant
 15280 | Lair:1   | Killed an elephant
 15479 | Lair:1   | Found a runed translucent door.
 15504 | Lair:1   | Noticed a catoblepas
 15504 | Lair:1   | Noticed a catoblepas
 15542 | Lair:1   | Noticed an elephant
 15550 | Lair:1   | Killed an elephant
 15564 | Lair:1   | Killed an elephant
 15635 | Lair:1   | Noticed an elephant
 15709 | Lair:1   | Noticed a death yak
 15716 | Lair:1   | Noticed a seven-headed hydra
 15840 | Lair:1   | Killed a seven-headed hydra
 15841 | Lair:1   | Reached skill level 12 in Fighting
 15841 | Lair:1   | Reached skill level 10 in Spellcasting
 15841 | Lair:1   | Reached XP level 12. HP: 33/98 MP: 0/0
 16099 | Lair:1   | Killed a death yak
 16738 | Lair:2   | Found a staircase to the Snake Pit.
 16748 | Lair:2   | Reached *** piety under Ashenzari
 17040 | Lair:2   | Found a runed translucent gate.
 17041 | Lair:2   | Found a runed translucent gate.
 17042 | Lair:2   | Found a runed translucent gate.
 17044 | Lair:2   | Noticed brob1's ghost (journeyman MiBe)
 17389 | Lair:2   | Reached skill level 13 in Fighting
 17604 | Lair:2   | Noticed a five-headed hydra
 17686 | Lair:2   | Killed a five-headed hydra
 17811 | Lair:2   | Noticed a death yak
 17827 | Lair:2   | Killed a death yak
 17917 | Lair:2   | Noticed a five-headed hydra
 17927 | Lair:2   | Killed a five-headed hydra
 18829 | Lair:3   | Reached XP level 13. HP: 91/109 MP: 0/0
 18829 | Lair:3   | Learned a level 5 spell: Irradiate
 18838 | Lair:3   | Noticed a seven-headed hydra
 18845 | Lair:3   | Killed a seven-headed hydra
 18845 | Lair:3   | Noticed a four-headed hydra
 19023 | Lair:3   | Noticed a four-headed hydra
 19026 | Lair:3   | Killed a four-headed hydra
 19027 | Lair:3   | Reached skill level 14 in Fighting
 19458 | Lair:3   | Killed a four-headed hydra
 19768 | Lair:3   | Noticed a five-headed hydra
 19780 | Lair:3   | Killed a five-headed hydra
 19916 | Lair:3   | Noticed an eight-headed hydra
 19925 | Lair:3   | Killed an eight-headed hydra
 20788 | Lair:3   | Found a staircase to the Swamp.
 20896 | Lair:4   | Noticed an eight-headed hydra
 20904 | Lair:4   | Killed an eight-headed hydra
 21284 | Lair:4   | Noticed a seven-headed hydra
 21293 | Lair:4   | Killed a seven-headed hydra
 21294 | Lair:4   | Reached skill level 15 in Fighting
 21407 | Lair:4   | Noticed a boulder beetle
 21420 | Lair:4   | Killed a boulder beetle
 21983 | Lair:4   | Reached **** piety under Ashenzari
 22288 | Lair:4   | Reached XP level 14. HP: 75/124 MP: 0/0
 22291 | Lair:4   | Reached skill level 5 in Evocations
 22679 | Lair:4   | Reached ***** piety under Ashenzari
 23047 | Lair:5   | Entered Level 5 of the Lair of Beasts
 23047 | Lair:5   | Identified the +9 flail of Ambiguity {vorpal, Str+5}
 23069 | Lair:5   | Noticed Urug
 23149 | Lair:4   | Killed Urug
 24709 | Lair:5   | Found a large runed translucent door.
 24709 | Lair:5   | Found a large runed translucent door.
 24959 | Lair:5   | Reached skill level 16 in Fighting
 25606 | Lair:5   | Found a staircase to the Slime Pits.
 25607 | Lair:5   | Found a viscous altar of Jiyva.
 26342 | D:10     | Entered Level 10 of the Dungeon
 27537 | D:11     | Found a transporter.
 27541 | D:11     | Noticed Persimmon's ghost (novice DEHu)
 27541 | D:11     | Identified the +1 pair of gloves "Joshum" {Int+3}
 27551 | D:11     | Found a transporter.
 28906 | D:11     | Reached XP level 15. HP: 99/137 MP: 0/0
 28906 | D:11     | Learned a level 6 spell: Eringya's Noxious Bog
 28912 | D:11     | Noticed Fannar
 29041 | D:11     | Killed Fannar
 29573 | D:11     | Found a staircase to the Orcish Mines.
 29764 | Orc:1    | Entered Level 1 of the Orcish Mines
 29768 | Orc:1    | Noticed Maurice
 29771 | Orc:1    | Killed Maurice
 29910 | Orc:1    | Noticed Gastronok
 29929 | Orc:1    | Killed Gastronok
 30292 | Orc:2    | Entered Level 2 of the Orcish Mines
 30861 | Orc:2    | Reached skill level 1 in Armour
 31056 | Orc:2    | Noticed Rupert
 31139 | Orc:2    | Killed Rupert
 31229 | Orc:2    | Noticed Snorg
 31239 | Orc:2    | Killed Snorg
 31520 | Orc:2    | Found a staircase to the Elven Halls.
 31967 | Orc:2    | Reached skill level 5 in Stealth
 32218 | Orc:2    | Found Qiocvece's Armour Boutique.
 32218 | Orc:2    | Found Vomusuips's Antique Armour Boutique.
 32232 | Orc:2    | Found Vedu Ila's Magic Scroll Emporium.
 32358 | Orc:2    | Found Juagaaq's Assorted Antiques.
 32362 | Orc:2    | Bought a scroll of teleportation for 39 gold pieces
 32362 | Orc:2    | Bought a scroll of magic mapping for 97 gold pieces
 32362 | Orc:2    | Bought a scroll of fear for 52 gold pieces
 32367 | Orc:2    | Bought a potion of heal wounds for 125 gold pieces
 32512 | D:12     | Found a frozen archway.
 32571 | IceCv    | Entered an ice cave
 32957 | IceCv    | Reached skill level 17 in Fighting
 33058 | IceCv    | Reached skill level 5 in Shields
 33745 | D:12     | Noticed Frances
 33755 | D:12     | Killed Frances
 33756 | D:12     | Reached XP level 16. HP: 119/147 MP: 0/0
 36275 | D:13     | Reached skill level 10 in Evocations
 36855 | D:13     | Found a gate to the Vaults.
 38094 | D:14     | Identified Roxanne's Incunabulum of Transfiguration
 38094 | D:14     | Noticed Roxanne
 38255 | D:14     | Found Ciumm's Magic Scroll Shop.
 38377 | D:14     | Bought a scroll of blinking for 135 gold pieces
 38377 | D:14     | Bought a scroll of summoning for 171 gold pieces
 38690 | D:14     | Found Wuim's General Store.
 38695 | D:14     | Bought a scroll of fear for 48 gold pieces
 38695 | D:14     | Bought a scroll of fear for 48 gold pieces
 38733 | D:14     | Found Iruuluol's Antique Armour Boutique.
 39203 | D:14     | Found Ryelauc's Jewellery Boutique.
 39208 | D:14     | Bought an amulet of reflection for 420 gold pieces
 39483 | D:14     | Bought the +4 moon troll leather armour {Spirit, Regen++
                  | MP+5} for 1253 gold pieces
 39483 | D:14     | Found the +4 moon troll leather armour {Spirit, Regen++
                  | MP+5}
 39566 | D:15     | Entered Level 15 of the Dungeon
 39585 | D:15     | Noticed Jorgrun
 40866 | D:14     | Killed Jorgrun
 41507 | D:14     | Found Wuim's General Store.
 41555 | D:14     | Found Ciumm's Magic Scroll Shop.
 41675 | D:15     | Reached ****** piety under Ashenzari
 41715 | D:15     | Reached XP level 17. HP: 120/160 MP: 0/0
 41715 | D:15     | Learned a level 7 spell: Storm Form
 42106 | D:15     | Found a staircase to the Depths.
 42870 | Swamp:1  | Entered Level 1 of the Swamp
 42870 | Swamp:1  | Noticed Mlioglotl
 42878 | Swamp:1  | Killed Mlioglotl
 42940 | Lair:3   | Identified the cursed +0 cloak "Gaze Upon Infinity" {Range,
                  | Self} (You found it on level 4 of the Dungeon)
 42940 | Lair:3   | Identified the cursed +2 hat "Eternal Together" {Will+,
                  | Melee, Self} (You took it off Gastronok on level 1 of the
                  | Orcish Mines)
 42940 | Lair:3   | Identified the cursed +0 pair of gloves "Cursed With Me"
                  | {Self, Cun} (You found it on level 5 of the Lair of Beasts)
 42940 | Lair:3   | Identified the cursed +0 buckler of Ashenzari's Sorrow
                  | {Range, Self} (You took it off a gnoll sergeant on level 9
                  | of the Dungeon)
 42940 | Lair:3   | Identified the cursed +2 robe "Share My Secrets" {Will+,
                  | Range, Self} (You found it on level 1 of the Dungeon)
 43111 | Swamp:1  | HP: 13/160 [bunyip (56)]
 43821 | Swamp:1  | Reached skill level 18 in Fighting
 44215 | Swamp:1  | Noticed Kirke
 44225 | Swamp:1  | Noticed Nikola
 44322 | Swamp:1  | Killed Nikola
 44802 | Swamp:1  | Killed Kirke
 46781 | Swamp:3  | HP: 25/160 [eleionoma/spray of wooden splinters (43)]
 48561 | Swamp:3  | Reached XP level 18. HP: 148/167 MP: 0/0
 48725 | Swamp:3  | Reached skill level 15 in Spellcasting
 49424 | Swamp:4  | Entered Level 4 of the Swamp
 49614 | Swamp:4  | Reached skill level 10 in Shields
 51241 | Swamp:4  | Got a decaying rune of Zot
 51272 | Swamp:4  | HP: 38/167 [eight-headed hydra[a spriggan druid] (14)]
 51272 | Swamp:4  | HP: 17/167 [spectral spriggan air mage[a ghost crab] (5)]
 51321 | Swamp:4  | HP: 22/167 [eight-headed hydra (7)]
 51321 | Swamp:4  | HP: 8/167 [eight-headed hydra (14)]
 52335 | Swamp:4  | Reached skill level 19 in Fighting
 53125 | Snake:1  | Entered Level 1 of the Snake Pit
 55067 | Snake:2  | Reached XP level 19. HP: 147/174 MP: 0/0
 55067 | Snake:2  | Learned a level 7 spell: Ozocubu's Refrigeration
 58047 | Snake:3  | Found Ireik's Armour Shoppe.
 58303 | Snake:3  | Acquired 634 gold pieces
 58523 | Snake:4  | Entered Level 4 of the Snake Pit
 58597 | Snake:4  | Identified the +1 pair of gloves "Zoug" {SInv}
 58902 | Snake:4  | Found Doeres's Magic Scroll Shop.
 58916 | Snake:4  | Bought 3 scrolls of teleportation for 189 gold pieces
 59342 | Snake:4  | Reached XP level 20. HP: 147/181 MP: 0/0
 60008 | Snake:4  | Reached skill level 15 in Evocations
 60323 | Snake:4  | Reached skill level 5 in Dodging
 60779 | Snake:4  | Reached skill level 20 in Fighting
 60927 | Snake:4  | Got a serpentine rune of Zot
 61622 | Vaults:1 | Entered Level 1 of the Vaults
 63100 | Vaults:1 | HP: 32/181 [yaktaur captain/bolt (25)]
 63101 | Vaults:1 | Shot with a bolt by a yaktaur captain

Illustrated notes

Levels and vault maps discovered:
D:1:      dpeg_arrival_tiny_g, layout_loops_ring, serial_glass, glass_columns_c,
          glass_columns_a, minmay_indecisive_spiral
D:2:      layout_basic, shapermc_ecumenical_altar_acropolis, kennysheep_doodads,
          uniq_jessica
D:3:      layout_loops_ring
D:4:      layout_cave_pools, uniq_grinder, uniq_menkaure
D:5:      layout_basic, mainiacjoe_overflow_catch_the_wave,
          mainiacjoe_overflow_chevrons, uniq_sigmund, uniq_blork_the_orc
D:6:      layout_cave_pools, minmay_temple_entry_hall, serial_shops,
          kennysheep_mini_moat, shop, nicolae_shop_behind_doors, st_stairs_9,
          uniq_duvessa
D:7:      layout_rooms, yredelemnul_altar_generic, minmay_checkerbox
D:8:      layout_gridville
D:9:      layout_roguey, lair_entry_dummy, moated_statue
D:10:     layout_stronghold, lemuel_flamethrower_2
D:11:     layout_big_octagon, kennysheep_orc_monster_closet_entryway,
          gammafunk_ghost_berserking_beasts, uniq_fannar
D:12:     layout_basic, portal_ice_cave_entry_ice_simulacra, st_stairs_3,
          uniq_frances
D:13:     minmay_skewed_foursquare, layout_layer_cave, david_vaults_5
D:14:     layout_roguey [special_room_bee], serial_shops, kennysheep_little_box,
          nicolae_shop_hallway_stairs, nicolae_stop_n_shop_1,
          nicolae_shop_hallway_plus, drop_trap, uniq_roxanne
D:15:     gammafunk_depths_entry_grave, layout_loops_ring, uniq_jorgrun
Temple:   mainiacjoe_temple_bowtie_tessellation
Lair:1:   gammafunk_lair_enchanted_lake, layout_loops_ring,
          chequers_serial_rivers_micro_c, hangedman_lair_generics_rect
Lair:2:   nzn_winding_woodlands_medium [nzn_winding_woodlands_5x5_perimeter,
          nzn_winding_woodlands_5x15_concentric,
          nzn_winding_woodlands_5x5_open_star,
          nzn_winding_woodlands_5x5_closed_star,
          nzn_winding_woodlands_center_diamonds,
          nzn_winding_woodlands_5x5_three, nzn_winding_woodlands_hourglass,
          nzn_winding_woodlands_5x15_longhouse,
          nzn_winding_woodlands_5x5_checkerboard], layout_regular_city,
          guppyfry_snake_entry_island, ebering_ghost_rock_garden
Lair:3:   layout_regular_city, palyth_hydra_swamp_entry,
          infiniplex_staircase_pool, lemuel_fruit_fields
Lair:4:   layout_regular_city, chequers_serial_rivers_micro_e
Lair:5:   cheibrodos_lair_end_hotspot, layout_gridlike, slime_entry_1, uniq_urug
Swamp:1:  layout_basic_swamp, evilmike_swamp_ruin_wall, uniq_nikola, uniq_kirke,
          uniq_mlioglotl
Swamp:2:  layout_basic_swamp, nicolae_swamp_little_tower
Swamp:3:  nicolae_swamp_flooded_prison, layout_basic_swamp,
          evilmike_swamp_ruin_house_3
Swamp:4:  swamp_alternative, layout_basic_swamp, swamp_pool2,
          nicolae_swamp_feature_on_the_river_bank
Snake:1:  layout_basic, beargit_elvish_explorers, serial_bayou_shore_a
Snake:2:  layout_layer_cave, grunt_ministairs_11, nicolae_triple_integral
Snake:3:  layout_cave_shapes, serial_shops, nicolae_shop_trees
Snake:4:  johnstein_snake_rune_scales, layout_chambers, serial_bayou_shore_b,
          minmay_shop_star
Orc:1:    layout_caves, nicolae_orc_lava_room, uniq_gastronok, uniq_maurice
Orc:2:    st_orc_open, layout_caves, minmay_orc_keep, uniq_rupert, uniq_snorg
Vaults:1: ontoclasm_vaults_ring_large, v_pattern_1, ontoclasm_vaults_eye,
          nicolae_vaults_little_squares_6, v_misc_26, vaults_standard_mumra_x,
          st_more_cells, nicolae_vaults_three_branches,
          vaults_room_grunt_arrival_ludios, ontoclasm_vaults_gateway,
          layout_vaults_chaotic_city, serial_shops,
          nicolae_shop_bloodbath_and_beyond

Skill      XL: |  1  2  3  4  5  6  7  8  9 10 11 12 13 14 15 16 17 18 19 20 |
---------------+-------------------------------------------------------------+-----
Fighting       | 1 2 3 4 6 8 10 12 13 15 16 17 18 19 20 | 20.2
Stealth        | 2 3 4 5 |  5.7
Spellcasting   | 4 5 6 7 8 10 11 12 13 14 15 16 | 16.3
Evocations     | 3 4 8 9 11 12 13 14 15 | 15.8
Shields        | 2 5 7 9 11 | 11.5
Armour         | 1 4 |  4.7
Dodging        | 4 5 |  5.7

Action                   |  1- 3 |  4- 6 |  7- 9 | 10-12 | 13-15 | 16-18 | 19-21 || total
-------------------------+-------+-------+-------+-------+-------+-------+-------++-------
Melee: Staff             |       |       |     2 |     3 |     3 |     4 |       ||    12
       Unarmed           |       |       |       |       |       |    19 |       ||    19
       Punch             |       |       |       |       |       |     1 |       ||     1
Throw: Dart              |       |       |     5 |     4 |     7 |     5 |       ||    21
 Cast: Magic Dart        |    56 |    95 |    85 |    35 |    52 |    63 |     4 ||   390
       Searing Ray       |     2 |    24 |    36 |    22 |    39 |    16 |     2 ||   141
       Iskenderun's Myst |       |     1 |    35 |    88 |   131 |   256 |     6 ||   517
       Fulminant Prism   |       |     1 |    13 |    77 |   249 |   253 |     7 ||   600
       Corpse Rot        |       |       |       |     1 |       |       |       ||     1
       Metabolic Englaci |       |       |       |    39 |   111 |   115 |     7 ||   272
       Confusing Touch   |       |       |       |     1 |       |     1 |       ||     2
       Irradiate         |       |       |       |       |     4 |     7 |       ||    11
       Necrotise         |       |       |       |       |     1 |       |       ||     1
       Eringya's Noxious |       |       |       |       |     3 |    41 |       ||    44
       Dazzling Flash    |       |       |       |       |       |     1 |       ||     1
       Storm Form        |       |       |       |       |       |     4 |       ||     4
       Ozocubu's Refrige |       |       |       |       |       |       |   246 ||   246
Invok: Curse Item        |       |       |     2 |     2 |     4 |     2 |       ||    10
       Shatter the Chain |       |       |       |       |     1 |     1 |       ||     2
 Abil: Blinkbolt         |       |       |       |       |       |     4 |       ||     4
       End Transformatio |       |       |       |       |       |     2 |       ||     2
Evoke: Wand              |       |       |       |     1 |       |    17 |       ||    18
       Tin of tremorston |       |       |       |       |       |     2 |       ||     2
  Use: Scroll            |     1 |     9 |     3 |     1 |     3 |    14 |     1 ||    32
       Potion            |       |       |       |     1 |     1 |     4 |       ||     6
Armor: Robe              |     1 |     3 |     6 |    10 |    12 |    35 |     4 ||    71
       Skin              |       |       |       |       |       |     6 |       ||     6
Dodge: Dodged            |     6 |    38 |    57 |    57 |    48 |   130 |    26 ||   362
Block: Buckler           |       |       |       |     9 |    14 |    84 |    19 ||   126
       Reflection        |       |       |       |       |       |    26 |    13 ||    39
       Other             |       |       |       |       |       |     8 |       ||     8
